Unix NetHack Version 5.0.0-0 post-release - last build May  4 2026 22:22:43 (774f63e81ad911689b3a0859ea89b322d5daca8d,branch:main).

Game began 2026-05-09 01:37:56, ended 2026-05-09 02:05:29.

Kwijibo4686, neutral female human Valkyrie

                                       .
                                   - ..
                                  ....
                        ---..   ..
                       --......  .. ..
                       |..%%%.h.y..)..
                       --.....@........
                        ...........|.<-
                                   ----

Kwijibo4686 the Skirmisher  St:18/04 Dx:12 Co:16 In:8 Wi:10 Ch:7  Neutral
Dlvl:6  $:57 HP:0(43) Pw:14(14) AC:4  Xp:5 T:1540  Satiated

Latest messages:
 What do you want to drop? [$a-v or ?*] v
 You drop a pair of iron shoes.
 Your movements are now unencumbered.
 You descend the stairs.
 You hear crashing rock.
 You kill the dwarf!
 $ - 22 gold pieces (57 in total).
 There are several more objects here.
 There is a dwarf corpse here; eat it? [ynq] (n) y
 This dwarf corpse is gamey.
 It is hit.
 It is hit.
 It is hit.
 You stop eating the dwarf corpse.
 You miss the gnome.
 The gnome lord just misses!
 The gnome hits!
 The dart misses the gnome lord.
 You are hit by a dart.
 You miss the gnome.
 The gnome lord hits!
 The gnome just misses!
 You hit the gnome!
 You kill the gnome!
 The gnome lord hits!
 You hit the gnome lord!
 You miss the gnome lord.
 You miss the gnome lord.
 The gnome lord hits!
 You kill the gnome lord!
 You are hit by a dart.
 t - a puce potion (2 in total).
 The gnome misses!
 You kill the gnome!
 The bag is empty.
 w - an empty bag.
 You are hit by a rock.
 You kill the hobbit!
 The aklys misses the yellow light.
 The dwarf picks up a sling.
 The gnome hits!
 You kill the gnome!
 You hit the dwarf!
 You kill the gnome!
 The dwarf thrusts his dwarvish short sword.
 The dwarf hits!
 The dwarf thrusts his dwarvish short sword.
 The dwarf hits!
 You die...
 Do you want your possessions identified? [ynq] (y) q

Inventory:
 Coins    ('$')
  $ - 57 gold pieces
 Weapons  (')')
  b - a +0 dagger (alternate weapon; not wielded)
  a - a blessed +1 spear (weapon in right hand)
 Armor    ('[')
  c - a blessed burnt +3 small shield (being worn)
  q - an uncursed +0 elven mithril-coat
  g - an uncursed +0 ring mail (being worn)
 Comestibles  ('%')
  d - 2 uncursed food rations
  k - a cursed food ration
  p - an uncursed lembas wafer
  r - 2 uncursed tripe rations
  i - a cursed tripe ration
  h - an uncursed lichen corpse
 Spellbooks  ('+')
  j - an uncursed spellbook of detect monsters
  o - an uncursed spellbook of detect unseen
 Potions  ('!')
  m - an uncursed potion of blindness
  e - an uncursed potion of fruit juice
  n - a cursed potion of full healing
  t - 2 uncursed potions of healing
 Rings    ('=')
  f - an uncursed ring of teleportation
 Tools    ('(')
  w - an empty uncursed bag of holding
  l - a cursed bag of tricks (0:3)
  s - a +0 pick-axe
  u - an uncursed tallow candle

Kwijibo4686 the Valkyrie's attributes:

Background:
 You were a Skirmisher, a level 5 human Valkyrie.
 You were neutral, on a mission for Odin
 who was opposed by Tyr (lawful) and Loki (chaotic).
 You were right-handed.
 You were in the Gnomish Mines, on level 6.
 You entered the dungeon 1540 turns ago.
 It was nighttime.
 You had 234 experience points, 86 more were needed to attain level 6.

Basics:
 You had 0 out of 43 hit points.
 You had all 14 energy points (spell power).
 Your armor class was 4.
 Your wallet contained 57 zorkmids.
 Autopickup was on for '$?!/="' plus thrown.

Final Characteristics:
 Your strength was 18/04 (limit:18/100).
 Your dexterity was 12 (limit:18).
 Your constitution was 16 (limit:18).
 Your intelligence was 8 (limit:18).
 Your wisdom was 10 (limit:18).
 Your charisma was 7 (limit:18).

Final Status:
 You were satiated.
 You were unencumbered.
 You were wielding a spear.
 You had basic skill with spear.

Final Attributes:
 You were devoutly aligned.
 You were cold resistant.
 You were stealthy.
 You were warded.
 You are dead.

Miscellaneous:
 You didn't encounter any bones levels.
 Total elapsed playing time was 12 minutes and 52 seconds.

Major events:
 Turn
    1: Kwijibo4686 the neutral human Valkyrie entered the dungeon
 1115: attained the rank of Skirmisher (level 3)
 1167: entered the Gnomish Mines
 1540: killed by a dwarf

You didn't know any spells.

Skills:
 Fighting Skills
   bare handed combat [Unskilled]
   two weapon combat  [Unskilled]
   riding             [Unskilled]
 Weapon Skills
   dagger             [Basic]
   axe                [Unskilled]
   pick-axe           [Unskilled]
   short sword        [Unskilled]
   broadsword         [Unskilled]
   long sword         [Unskilled]
   two-handed sword   [Unskilled]
   saber              [Unskilled]
   hammer             [Unskilled]
   quarterstaff       [Unskilled]
   polearms           [Unskilled]
   spear              [Basic]
   trident            [Unskilled]
   lance              [Unskilled]
   sling              [Unskilled]
 Spellcasting Skills
   attack spells      [Unskilled]
   escape spells      [Unskilled]

Voluntary challenges:
 Character rerolling was not enabled.
 You were illiterate.
 You never genocided any monsters.
 You never polymorphed an object.
 You never changed form.
 You used no wishes.
Achievements:
 You entered a shop.
 You attained the rank of Skirmisher.
 You entered the Gnomish Mines.

 The Dungeons of Doom: levels 1 to 4
    Level 1:
       A fountain.
    Level 2:
       A general store.
    Level 3:
       A fountain, a grave.
    Level 4:
       A ring shop.
       Stairs down to The Gnomish Mines.
 The Gnomish Mines: levels 5 to 6
    Level 5:
    Level 6: <- You were here.
       Final resting place for
          you, killed by a dwarf.


Vanquished creatures:
  a rock mole
  3 gnome leaders
  a gnomish wizard
  3 dwarves
  2 rothes
  3 hobbits
  a brown mold
  9 gnomes
  3 geckos
  4 jackals
  a kobold
  2 goblins
  2 grid bugs
  2 bats
  2 lichens
  7 newts
46 creatures vanquished.

No species were genocided or became extinct.

Game over:
                       ----------
                      /          \
                     /    REST    \
                    /      IN      \
                   /     PEACE      \
                  /                  \
                  |   Kwijibo4686    |
                  |      57 Au       |
                  |   killed by a    |
                  |      dwarf       |
                  |                  |
                  |                  |
                  |       2026       |
                 *|     *  *  *      | *
        _________)/\\_//(\/(/\)/\//\/|_)_______

Farvel Kwijibo4686 the Valkyrie...

You died in The Gnomish Mines on dungeon level 6 with 1238 points,
and 57 pieces of gold, after 1540 moves.
You were level 5 with a maximum of 43 hit points when you died.

